Map: Blackpink LE

Players

ShoWTimE - Winner!

  • Race: Protoss Protoss
  • Spawn Location: 1:00

HateMe

  • Race: Zerg Zerg
  • Spawn Location: 7:00

Event: WCS Leipzig 2018

VOD

Have the link to the VOD?

Description

Time

  • Played on: Jan. 26, 2018, 9:45 a.m.
  • Length: 14:48

All games in this series

Show
View Real Time Build Order
Export as new Build Order

ShoWTimE Protoss - Winner!

Build Orders: 1 Gate Expand, Oracle Opening, Phoenix Opening, Archon Immortal, Zealot Archon, Archon Drop 

Get SALT Encoding   

  12  0:00  Probe  
  13  0:12  Probe  
  14  0:19  Pylon  
  14  0:24  Probe  
  15  0:37  Probe (Chrono Boost)  
  16  0:45  Gateway  
  16  0:47  Probe (Chrono Boost)  
  16  0:48  Assimilator  
  17  0:52  Probe (Chrono Boost)  
  18  1:04  Probe  
  19  1:16  Probe  
  20  1:24  Nexus  
  20  1:34  Cybernetics Core  
  20  1:37  Probe  
  21  1:44  Assimilator  
  21  1:49  Probe  
  21  1:52  Pylon  
  22  2:01  Probe  
  23  2:10  Adept (Chrono Boost)  
  23  2:14  Probe  
  26  2:16  Stargate  
  26  2:24  Warp Gate  
  26  2:26  Probe (Chrono Boost)  
  26  2:29  Adept  
  27  2:36  Probe (Chrono Boost)  
  30  2:38  Probe (Chrono Boost)  
  31  2:46  Probe (Chrono Boost)  
  31  2:47  Probe (Chrono Boost)  
  33  2:51  Probe (Chrono Boost)  
  33  2:52  Probe (Chrono Boost)  
  33  2:57  Oracle (Chrono Boost)  
  35  3:03  Probe  
  35  3:04  Probe  
  40  3:08  Pylon  
  40  3:15  Probe  
  40  3:16  Probe  
  42  3:21  Gateway  
  42  3:27  Probe (Chrono Boost), Phoenix  
  44  3:30  Probe (Chrono Boost)  
  44  3:33  Adept  
  48  3:35  Pylon  
  48  3:39  Probe (Chrono Boost)  
  50  3:42  Assimilator  
  50  3:45  Assimilator  
  50  3:46  Probe (Chrono Boost)  
  50  3:47  Probe (Chrono Boost)  
  51  3:52  Probe  
  51  3:53  Probe  
  53  3:55  Twilight Council  
  53  4:05  Probe x2  
  53  4:07  Robotics Facility  
  56  4:17  Probe  
  56  4:18  Gateway  
  56  4:21  Gateway  
  56  4:25  Gateway  
  56  4:27  Gateway  
  56  4:30  Charge (Chrono Boost)  
  56  4:35  Templar Archives  
  56  4:41  Zealot  
  56  4:42  Zealot  
  60  4:53  Warp Prism (Chrono Boost)  
  60  4:56  Pylon  
  60  4:59  Pylon  
  62  5:09  Nexus  
  62  5:19  Zealot x2  
  62  5:21  High Templar x2  
  70  5:24  High Templar  
  70  5:25  High Templar, Pylon  
  70  5:26  Archon  
  70  5:28  Probe  
  75  5:30  Archon  
  75  5:35  Observer  
  76  5:37  Probe  
  76  5:39  Pylon  
  76  5:40  Probe  
  78  5:52  Zealot x2  
  78  5:53  Zealot  
  78  5:54  Zealot  
  86  5:58  Zealot x2  
  86  5:59  Probe  
  86  6:00  Probe  
  90  6:11  Psionic Storm  
  90  6:12  Probe x2  
  84  6:20  Zealot x4  
  84  6:24  Probe x2  
  94  6:27  Probe  
  79  6:36  Probe x2, High Templar x2  
  79  6:39  Probe  
  84  6:40  Shield Battery  
  84  6:41  High Templar  
  86  6:48  Probe  
  86  6:49  Probe  
  86  6:51  Probe  
  86  6:52  Immortal (Chrono Boost)  
  86  6:53  Shield Battery  
  89  6:58  High Templar  
  89  7:00  Zealot x2  
  100  7:03  Shield Battery  
  99  7:10  Pylon  
  99  7:16  Zealot x3  
  105  7:22  Zealot x2  
  105  7:26  Gateway  
  105  7:28  Immortal  
  113  7:34  Probe x3  
  116  7:44  Pylon  
  114  7:45  Pylon  
  114  7:50  Archon x2  
  110  7:51  Zealot x3  
  110  7:55  Probe (Chrono Boost)  
  117  8:01  Assimilator  
  117  8:02  Probe x2 (Chrono Boost)  
  117  8:03  Assimilator  
  119  8:07  Probe (Chrono Boost), Forge  
  119  8:08  Immortal  
  126  8:12  Probe (Chrono Boost)  
  126  8:13  Probe (Chrono Boost), Pylon  
  126  8:14  Probe (Chrono Boost), Nexus  
  126  8:17  Probe (Chrono Boost), Gateway  
  126  8:18  Pylon  
  128  8:20  Pylon  
  128  8:22  High Templar x2  
  132  8:32  High Templar x3  
  138  8:37  Protoss Ground Weapons Level 1 (Chrono Boost), Pylon  
  138  8:48  Shield Battery, Photon Cannon  
  138  8:50  Photon Cannon  
  138  8:51  Photon Cannon  
  138  8:52  High Templar x2  
  138  8:55  Photon Cannon  
  142  8:57  Photon Cannon  
  142  8:59  Shield Battery  
  142  9:00  Probe x3  
  142  9:01  High Templar  
  147  9:05  Immortal (Chrono Boost)  
  147  9:09  Archon  
  151  9:12  Photon Cannon  
  151  9:16  Pylon  
  151  9:27  Assimilator  
  151  9:30  Assimilator  
  151  9:32  Photon Cannon  
  151  9:33  Observer (Chrono Boost)  
  151  9:38  Shield Battery, High Templar x2  
  154  9:42  Gateway x2, Archon  
  154  9:47  Photon Cannon  
  154  9:49  Photon Cannon  
  154  9:53  High Templar, Zealot x3  
  154  9:54  High Templar, Immortal (Chrono Boost)  
  168  10:07  Zealot, Protoss Ground Weapons Level 2 (Chrono Boost)  
  166  10:13  Archon  
  166  10:25  Observer (Chrono Boost)  
  166  10:27  Pylon  
  166  10:28  Pylon, Photon Cannon  
  165  10:35  High Templar x4  
  165  10:40  Archon x2  
  162  10:47  Zealot x4  
  162  10:49  Immortal (Chrono Boost)  
  160  11:02  Archon  
  160  11:03  Archon x2  
  132  11:06  Probe x4  
  132  11:08  High Templar x3  
  136  11:15  Assimilator  
  136  11:16  Pylon  
  136  11:18  Probe x3, Pylon  
  138  11:20  High Templar  
  141  11:26  Immortal (Chrono Boost)  
  141  11:32  Pylon  
  145  11:33  Pylon  
  145  11:37  Photon Cannon  
  145  11:39  Probe, Photon Cannon  
  146  11:41  Photon Cannon  
  146  11:43  Shield Battery  
  146  11:45  Shield Battery  
  146  11:46  High Templar x2, Zealot x2  
  146  11:47  Zealot x5  
  158  11:50  Archon  
  164  11:55  Immortal (Chrono Boost)  
  164  12:00  Pylon  
  168  12:04  Protoss Ground Weapons Level 3 (Chrono Boost)  
  168  12:06  Fleet Beacon  
  168  12:12  High Templar  
  168  12:13  High Templar  
  172  12:18  Zealot x2  
  172  12:19  Zealot x4  
  174  12:31  Nexus  
  174  12:34  Pylon  
  172  12:41  Zealot x5  
  170  12:56  Nexus  
  170  12:57  Zealot x4  
  178  12:59  Pylon  
  178  13:00  Pylon  
  178  13:05  Zealot x2  
  178  13:06  Zealot x2  
  186  13:17  Zealot x5  
  186  13:19  Archon  
  170  13:26  Photon Cannon  
  166  13:31  Photon Cannon  
  166  13:35  Photon Cannon  
  172  13:44  High Templar x3  
  178  13:48  High Templar x4  
  178  13:53  Archon x3  
  182  13:57  High Templar x3  
  180  14:08  Archon x2  
  181  14:10  Observer  
  181  14:16  Zealot x3  
  187  14:19  Pylon  
  187  14:26  Stargate  
  187  14:27  Stargate  
  187  14:29  Zealot x6  
Show
View Real Time Build Order
Export as new Build Order

HateMe Zerg 

Build Orders: Hatch First, Lurkers 

Get SALT Encoding   

  12  0:02  Drone  
  13  0:13  Overlord  
  13  0:18  Drone  
  14  0:32  Drone  
  15  0:45  Hatchery  
  15  0:48  Drone  
  15  0:51  Drone  
  15  0:56  Drone  
  17  1:03  Extractor  
  16  1:04  Drone  
  17  1:18  Spawning Pool  
  16  1:19  Drone  
  16  1:21  Drone  
  18  1:31  Drone  
  19  1:42  Overlord  
  19  1:53  Drone  
  20  1:58  Drone  
  21  2:04  Queen x2  
  21  2:05  Zergling x2  
  26  2:09  Metabolic Boost  
  26  2:15  Zergling x2  
  27  2:20  Drone x2  
  29  2:29  Drone  
  30  2:39  Hatchery  
  30  2:44  Drone x2  
  31  2:49  Overlord  
  31  2:51  Drone  
  31  2:53  Drone  
  31  2:57  Drone  
  34  3:02  Queen  
  36  3:07  Overlord  
  36  3:12  Drone x2  
  38  3:14  Drone  
  38  3:17  Drone  
  38  3:18  Drone  
  41  3:21  Drone  
  41  3:23  Drone  
  41  3:25  Drone  
  41  3:26  Drone  
  45  3:31  Drone  
  45  3:34  Spore Crawler  
  45  3:35  Spore Crawler  
  44  3:43  Lair  
  44  3:45  Zergling x2  
  44  3:46  Zergling x4  
  47  3:49  Zergling x2  
  47  3:50  Overlord  
  48  3:56  Overlord  
  48  3:57  Drone x2  
  48  3:59  Drone  
  49  4:04  Drone  
  49  4:07  Baneling Nest  
  49  4:10  Drone x2  
  49  4:14  Overlord  
  51  4:18  Drone x2  
  51  4:19  Drone  
  51  4:20  Drone, Spore Crawler  
  53  4:28  Extractor  
  53  4:29  Overlord  
  53  4:30  Extractor  
  51  4:35  Drone  
  51  4:37  Zergling x2  
  51  4:38  Zergling x4  
  55  4:39  Zergling x4  
  55  4:40  Zergling x2  
  58  4:46  Hydralisk Den, Overseer  
  58  4:47  Drone  
  58  4:57  Drone  
  58  4:58  Drone x7  
  58  4:59  Overlord  
  66  5:06  Queen  
  68  5:14  Overlord  
  68  5:16  Extractor, Hydralisk x2  
  68  5:18  Overlord  
  68  5:20  Hydralisk  
  73  5:24  Hydralisk  
  73  5:26  Hydralisk  
  77  5:33  Hydralisk  
  77  5:34  Spine Crawler  
  78  5:37  Hydralisk  
  78  5:38  Zergling x4  
  82  5:47  Hydralisk x2  
  86  5:52  Overlord x2  
  86  5:56  Hydralisk x2  
  89  6:03  Hydralisk  
  90  6:05  Zergling x8  
  90  6:06  Zergling x2  
  94  6:11  Hydralisk x2  
  94  6:15  Hydralisk  
  91  6:25  Hydralisk  
  91  6:26  Hydralisk  
  91  6:28  Zergling x12  
  92  6:38  Muscular Augments  
  92  6:40  Overlord  
  92  6:43  Drone x5  
  97  6:49  Queen  
  97  6:53  Hydralisk x2  
  102  6:56  Overseer  
  102  7:00  Drone x3  
  105  7:02  Drone  
  105  7:04  Extractor  
  105  7:07  Drone x3  
  106  7:10  Baneling x6  
  106  7:13  Drone  
  108  7:15  Drone x2  
  109  7:23  Extractor, Evolution Chamber  
  109  7:25  Overlord  
  109  7:26  Drone x2  
  109  7:27  Drone  
  110  7:30  Drone x2  
  112  7:40  Drone x7, Lurker Den  
  105  7:55  Hydralisk x4  
  105  7:56  Hydralisk x2  
  117  7:59  Hydralisk x2  
  117  8:00  Hydralisk  
  123  8:09  Overlord x2  
  123  8:10  Zerg Missile Weapons Level 1  
  123  8:16  Hatchery  
  123  8:17  Overlord  
  122  8:20  Centrifical Hooks  
  122  8:23  Overlord  
  122  8:27  Overseer  
  122  8:29  Overlord  
  122  8:32  Hydralisk x3  
  128  8:36  Hydralisk  
  128  8:38  Zergling x6  
  128  8:40  Zergling x2  
  128  8:41  Overlord  
  134  8:47  Queen  
  136  8:49  Queen  
  136  8:55  Zergling x2  
  139  8:57  Overlord  
  139  8:59  Zergling x12  
  145  9:07  Lurker x6  
  151  9:10  Overlord  
  150  9:19  Overlord  
  150  9:20  Zergling x14  
  150  9:23  Overseer  
  157  9:25  Lurker x2  
  157  9:28  Overlord  
  157  9:30  Lurker  
  159  9:33  Zergling x2  
  159  9:34  Zergling x10  
  165  9:46  Lurker x2  
  165  9:47  Lurker  
  165  9:49  Zergling x14  
  175  10:00  Baneling x7  
  175  10:02  Zergling x10  
  173  10:17  Hatchery  
  173  10:18  Zergling x10  
  173  10:19  Zergling x10  
  180  10:23  Zerg Missile Weapons Level 2  
  180  10:28  Baneling  
  180  10:29  Baneling x14  
  179  10:41  Zergling x2  
  179  10:42  Zergling x22  
  173  10:54  Hydralisk  
  173  10:55  Hydralisk x7  
  185  11:01  Zergling x4  
  185  11:03  Hydralisk  
  137  11:13  Baneling x2  
  137  11:14  Baneling x10  
  137  11:17  Zergling x8  
  141  11:22  Lurker  
  141  11:24  Hydralisk  
  143  11:26  Zergling x2  
  143  11:27  Zergling x4  
  146  11:34  Hydralisk x3  
  152  11:44  Hydralisk x4  
  152  11:46  Overlord  
  160  11:50  Zergling x2  
  160  11:51  Zergling x24  
  173  11:55  Lurker  
  173  12:00  Lurker  
  175  12:02  Extractor  
  175  12:03  Drone x4  
  175  12:04  Drone x2, Extractor  
  175  12:05  Drone x3  
  183  12:08  Drone  
  183  12:12  Hydralisk x5  
  187  12:30  Infestation Pit  
  187  12:32  Hydralisk  
  187  12:33  Hydralisk x4  
  187  12:35  Zergling x2  
  187  12:36  Zergling x6  
  199  12:42  Hydralisk x4  
  177  13:13  Hydralisk x11  
  177  13:17  Hydralisk x2  
  137  13:27  Hydralisk x4  
  137  13:30  Zergling x2  
  137  13:31  Zergling x22  
  157  13:34  Lurker  
  157  13:39  Lurker  
  159  13:45  Lurker  
  160  13:53  Hydralisk x5  
  166  13:56  Zergling x22  
  166  13:58  Hydralisk  
  173  14:09  Lurker  
  172  14:10  Lurker  
  172  14:28  Lurker x3  
  172  14:29  Zergling x24  
Tags
 
Add a new tag
Caveats
  • Supply blocks, unpowered buildings, or Contaminate may cause inaccurate times.
  • Supply counts are checked every 10 seconds.